 Dungeon Crawl Stone Soup version 0.16-a0-331-g39fd2ee (webtiles) character file.

97 Kashira the Charmwright (level 4, -5/33 HPs)
             Began as a Mummy Skald on Sept 8, 2014.
             Slain by a worker ant (6 damage)
             ... on Level 3 of the Dungeon.
             The game lasted 00:10:23 (2892 turns).

Kashira the Charmwright (Mummy Skald)               Turns: 2892, Time: 00:10:23

HP  -5/33        AC  6     Str 15      XL: 4   Next: 42%
MP   2/8         EV  9     Int 11      God:
Gold 153         SH  0     Dex 12      Spells:  3 memorised,  2 levels left

rFire  . . .     SeeInvis .     a - +1 mace
rCold  . . .     Clarity  .     h - +0 ring mail
rNeg   + + +     rCorr    .     (no shield)
rPois  +         rRot     +     (no helmet)
rElec  .         Spirit   .     (no cloak)
SustAb .         Warding  .     e - +0 pair of gloves
rMut   .         Stasis   .     (no boots)
Gourm  .                        k - amulet of rage
MR     .....                    (no ring)
                                d - ring of fire

@: very slightly contaminated, not resistant to hostile enchantments, very
unstealthy
A: no food or potions, fire vulnerability, restore body, cold resistance 1,
negative energy resistance 3, poison resistance, torment resistance, unbreathing
a: no special abilities


You were on level 3 of the Dungeon.
You were not hungry.

You visited 1 branch of the dungeon, and saw 3 of its levels.

You collected 153 gold pieces.

Inventory:

Hand weapons
 a - a +1 mace (weapon)
Armour
 b - a +0 leather armour
 e - a +0 pair of gloves (worn)
 h - a +0 ring mail (worn)
Scrolls
 f - a scroll of identify {unknown}
 g - a scroll of recharging {unknown}
 i - a scroll of blinking {unknown}
 j - a scroll of remove curse
 l - a scroll of enchant armour {unknown}
Jewellery
 d - a ring of fire (left hand)
 k - an amulet of rage (around neck)
Books
 c - a book of Battle

   Spells                             Type                      Level
   *Infusion                          Charms                       1
   *Shroud of Golubria                Charms/Translocation         2
   *Song of Slaying                   Charms                       2
   Spectral Weapon                    Hexes/Charms                 3
   Regeneration                       Charms/Necromancy            3


   Skills:
 + Level 2.2 Fighting
 + Level 1.7 Maces & Flails
 + Level 1.4 Armour
 + Level 1.7 Dodging
 + Level 2.3 Spellcasting
 * Level 3.2 Charms
 + Level 0.2 Translocations


You had 2 spell levels left.
You knew the following spells:

 Your Spells              Type           Power        Failure   Level  Hunger
a - Infusion              Chrm           #.....       12%         1    N/A
b - Song of Slaying       Chrm           #.......     17%         2    N/A
c - Shroud of Golubria    Chrm/Tloc      #.........   30%         2    N/A

Dungeon Overview and Level Annotations

Branches:
Dungeon (3/15)

Altars:


Innate Abilities, Weirdness & Mutations

You do not eat or drink.
Your flesh is vulnerable to fire.
Your flesh is cold resistant.
You are immune to negative energy.
Your system is resistant to poisons.
You are immune to unholy pain and torment.
You can survive without breathing.


Message History

Casting: Shroud of Golubria
Confirm with . or Enter, or press ? or * to list all spells.
You miscast Shroud of Golubria.
Your skin tingles.
The worker ant bites you but does no damage.
The worker ant waves its antennae.
Casting: Shroud of Golubria
Confirm with . or Enter, or press ? or * to list all spells.
You miscast Shroud of Golubria.
Nothing appears to happen.
The worker ant bites you.
* * * LOW HITPOINT WARNING * * *
The worker ant closely misses you. The worker ant barely misses you.
The worker ant bites you.
* * * LOW HITPOINT WARNING * * *
Casting: Shroud of Golubria
Confirm with . or Enter, or press ? or * to list all spells.
You miscast Shroud of Golubria.
The air around you crackles with energy!
The worker ant bites you.
You die...

####### #.....#
#.###.# #.# .#
#########.# ..
#.@a......# ###
#.##############
#.# #....<#
#.########.#######
#>...............##
#.########.#####..#
#.# #....#.# ##.#
#.# #....#.# #.#
#.###....#.######..


You could see a worker ant.

Vanquished Creatures
  2 adders (D:2)
  2 worms (D:2)
  A giant gecko (D:2)
  2 oozes
  4 bats
  2 giant cockroaches (D:1)
  10 hobgoblins
  4 jackals (D:1)
  4 kobolds
  A ball python (D:2)
  12 giant newts
  9 goblins
  12 rats
65 creatures vanquished.

Notes
Turn   | Place    | Note
--------------------------------------------------------------
     0 | D:1      | Kashira, the Mummy Skald, began the quest for the Orb.
     0 | D:1      | Reached XP level 1. HP: 16/16 MP: 3/3
    50 | D:1      | Reached skill level 1 in Dodging
   380 | D:1      | Reached skill level 1 in Armour
   416 | D:1      | Reached XP level 2. HP: 22/22 MP: 1/4
   420 | D:1      | Learned a level 2 spell: Song of Slaying
   423 | D:1      | Learned a level 2 spell: Shroud of Golubria
  1002 | D:1      | Reached XP level 3. HP: 18/27 MP: 0/6
  1798 | D:2      | Reached XP level 4. HP: 28/33 MP: 0/8
  1804 | D:2      | Reached skill level 3 in Charms
  2891 | D:3      | HP: 1/33 [worker ant (5)]
  2892 | D:3      | Slain by a worker ant

Action                   |  1- 3 |  4- 6 || total
-------------------------+-------+-------++-------
Melee: Mace              |   127 |    68 ||   195
 Cast: Infusion          |    21 |    13 ||    34
       Shroud of Golubri |     4 |     6 ||    10
       Song of Slaying   |     2 |       ||     2
  Use: Scroll            |     2 |       ||     2
